 Dungeon Crawl Stone Soup version 0.28.0 (webtiles) character file.

Game seed: 1687824845148478461

97 tizbic2 the Skirmisher (level 4, -7/48 HPs)
             Began as an Ogre Fighter on Feb 4, 2022.
             Killed from afar by a kobold (20 damage)
             ... with a bolt of acid
             ... on level 3 of the Dungeon.
             The game lasted 00:09:29 (2903 turns).

tizbic2 the Skirmisher (Ogre Fighter)               Turns: 2903, Time: 00:09:30

Health: -7/48      AC:  3    Str: 19 (20) XL:     4   Next: 68%
Magic:  4/4        EV:  8    Int:  8 (11) God:
Gold:   42         SH:  7    Dex:  7 (8)  Spells: 3/3 levels left

rFire   . . .      SeeInvis .   g - staff of poison
rCold   . . .      Faith    .   c - +0 kite shield
rNeg    . . .      Spirit   .   i - +0 robe
rPois   +          Reflect  .   (helmet restricted)
rElec   .          Harm     .   (no cloak)
rCorr   .          Rampage  .   (gloves unavailable)
Will    .....                   (boots unavailable)
Stlth   +.........              (no amulet)
HPRegen 0.16/turn               h - ring of wizardry
MPRegen 0.09/turn               (no ring)

@: flying
A: large, unfitting armour, tough skin 1
a: no special abilities


You were on level 3 of the Dungeon.
You visited 1 branch of the dungeon, and saw 3 of its levels.

You collected 42 gold pieces.

Inventory:

Hand Weapons
 a - a +0 flail
Missiles
 f - 80 stones (quivered)
 o - a throwing net
Armour
 c - a +0 kite shield (worn)
 i - a +0 robe (worn)
Magical Staves
 g - a staff of poison (weapon)
Jewellery
 h - a ring of wizardry (left hand)
Wands
 s - a wand of charming (8)
Scrolls
 b - 2 scrolls of enchant weapon {unknown}
 k - 3 scrolls of blinking {unknown}
 l - a scroll of fear {unknown}
 n - a scroll of amnesia {unknown}
 p - a scroll of silence {unknown}
 q - a scroll of magic mapping {unknown}
 r - a scroll of teleportation {unknown}


   Skills:
 - Level 4.0 Fighting
 - Level 1.8(2.5) Maces & Flails
 * Level 3.0(3.3) Staves
 - Level 2.6 Dodging
 - Level 3.0 Shields
 - Level 0.4 Poison Magic
 + Level 1.4 Evocations


You had 3 spell levels left.
You didn't know any spells.
Your spell library was empty.

Dungeon Overview and Level Annotations

Branches:
Dungeon (3/15)

Altars:

Shops:
D:1 (


Innate Abilities, Weirdness & Mutations

You are too large for most types of armour.
You have tough skin. (AC +1)


Message History

The bat hits you but does no damage.
You hit the bat.
You kill the bat!
The orc hits you but does no damage.
It was a potion of curing.
You feel better. The orc hits you with a +0 dagger.
You hit the orc.
The orc is almost dead.
The orc hits you with a +0 dagger.
You hit the orc.
You kill the orc!
The giant cockroach barely misses you.
Your Staves skill increases to level 3!
You completely miss the giant cockroach.
The giant cockroach completely misses you.
The kobold zaps a wand.
The bolt of acid hits the giant cockroach!!
The acid corrodes the giant cockroach!
The giant cockroach dies!
The bolt of acid hits you!!
Ouch! That really hurt!
You hit the orc.
The orc is almost dead.
You block the orc's attack.
You barely miss the orc.
The orc is almost dead.
You block the orc's attack.
You hit the orc.
You kill the orc!
The kobold throws a stone.
The stone hits you. The kobold hits you with a +0 club.
Things that are here:
a +0 whip; an orc corpse You completely miss the kobold.
The kobold closely misses you. The kobold hits you with a +0 club.
You barely miss the kobold. The kobold hits you with a +0 club.
* * * LOW HITPOINT WARNING * * *
You closely miss the kobold. The kobold barely misses you.
You closely miss the kobold. The kobold barely misses you.
You miss the kobold.
The kobold zaps a wand.
The bolt of acid hits you!!
You die...

##. #..##.#...... #..
#.##.# .... #.# #....###.#
#.# #........##
###.######......#..##
###...##.......#..##..#
####...##...###...#...<..#
#.......#.### #.###.######
#.......#@# #.# #[#
###..)....#K# #.###.#
...........o#####.##..#
.##.......o###.......##
#######....# #.......#
#ow.....#### #.......#
..o.o..####### #.......#
.....## #.......# ....
#.......#


You could see 2 orcs and a kobold.

Vanquished Creatures
  A scorpion zombie (D:3)
  3 adders
  A dart slug (D:2)
  3 orcs (D:3)
  7 bats
  8 endoplasms
  2 giant cockroaches (D:2)
  2 goblins
  2 hobgoblins (D:1)
  A quokka (D:2)
  2 ball pythons (D:2)
  2 frilled lizards (D:2)
  2 kobolds (D:2)
  2 rats (D:2)
38 creatures vanquished.

Vanquished Creatures (others)
  A giant cockroach (D:3)
1 creature vanquished.

Grand Total: 39 creatures vanquished

Notes
Turn   | Place    | Note
-------+----------+-------------------------------------------
     0 | D:1      | tizbic2 the Ogre Fighter began the quest for the Orb.
     0 | D:1      | Reached XP level 1. HP: 24/24 MP: 1/1
   370 | D:1      | Found Zudak's Weapon Shoppe.
   667 | D:1      | Reached XP level 2. HP: 25/32 MP: 2/2
  1052 | D:2      | Reached skill level 1 in Staves
  1438 | D:2      | Reached XP level 3. HP: 33/39 MP: 3/3
  1494 | D:2      | Found a faded altar of an unknown god.
  1893 | D:2      | Reached skill level 1 in Evocations
  2470 | D:3      | Reached XP level 4. HP: 34/48 MP: 4/4
  2903 | D:3      | Killed from afar by a kobold

Illustrated notes

Levels and vault maps discovered:
D:1:      shiori_arrival_elements, layout_basic, serial_shops,
          nicolae_shop_competitors_out_of_business
D:2:      layout_basic, ebering_ecumenical_altar_webs
D:3:      layout_rooms

Skill      XL: |  1  2  3  4 |
---------------+-------------+-----
Shields        | 3 |  3.0
Staves         | 1 2 3 |  3.0
Evocations     | 1 |  1.4
Fighting       | |  4.0
Maces & Flails | |  1.8
Dodging        | |  2.6
Poison Magic   | |  0.4

Action                   |  1- 3 |  4- 6 || total
-------------------------+-------+-------++-------
Melee: Staff             |   126 |    42 ||   168
       Flail             |     5 |       ||     5
Throw: Stone             |    41 |       ||    41
  Use: Potion            |     1 |     4 ||     5
Armor: Robe              |    56 |    18 ||    74
Dodge: Dodged            |    48 |    23 ||    71
Block: Kite shield       |    60 |    20 ||    80
